 Dungeon Crawl Stone Soup version 0.17.0-57-g0e89251 (webtiles) character file.

65 Fuzzybunny the Covered (level 3, -4/34 HPs)
             Began as a Deep Dwarf Fighter on Nov 30, 2015.
             Killed from afar by a white imp (8 damage)
             ... with a puff of frost
             ... summoned by Natasha
             ... on level 2 of the Dungeon on Dec 8, 2015.
             The game lasted 00:05:48 (1423 turns).

Fuzzybunny the Covered (Deep Dwarf Fighter)         Turns: 1423, Time: 00:05:48

Health: -4/34      AC: 11    Str: 20    XL:     3   Next: 92%
Magic:  3/3        EV:  4    Int:  8    God:
Gold:   33         SH:  9    Dex: 12    Spells: 0 memorised, 2 levels left

rFire  . . .     SeeInvis .     a - +1 long sword
rCold  . . .     Clarity  .     h - +0 plate armour
rNeg   . . .     SustAt   .     c - +0 shield
rPois  .         Gourm    .     (no helmet)
rElec  .         Spirit   .     (no cloak)
rCorr  .         Warding  .     (no gloves)
rMut   .         Stasis   .     (no boots)
MR     .....                    (no amulet)
Stlth  ..........               (no ring)
                                (no ring)

@: non-regenerating, not resistant to hostile enchantments, extremely unstealthy
A: damage resistance, recharge devices, sense surroundings 1, slow regeneration
3
a: Device Recharging


You were on level 2 of the Dungeon.
You were not hungry.

You visited 1 branch of the dungeon, and saw 2 of its levels.

You collected 33 gold pieces.

Inventory:

Hand Weapons
 a - a +1 long sword (weapon)
Armour
 b - a +0 scale mail
 c - a +0 shield (worn)
 h - a +0 plate armour (worn)
Jewellery
 l - an uncursed ring of magical power {unknown}
 t - an uncursed ring of sustain attributes {unknown}
Wands
 e - a wand of heal wounds (5)
Scrolls
 n - a scroll of remove curse
 q - a scroll of amnesia {unknown}
Potions
 d - a potion of might
 i - a potion of lignification {unknown}
 k - a potion of resistance {unknown}
 m - a potion of heal wounds {unknown}
 o - a potion of flight {unknown}
 p - a potion of haste {unknown}
 r - 2 potions of agility {unknown}
 s - a potion of curing {unknown}
Comestibles
 f - a bread ration
 g - a slice of pizza
 j - a meat ration


   Skills:
 + Level 3.1 Fighting
 + Level 2.2 Long Blades
 + Level 4.1 Armour
 + Level 0.9 Dodging
 + Level 0.3 Stealth
 + Level 3.8 Shields


You had 2 spell levels left.
You didn't know any spells.

Dungeon Overview and Level Annotations

Branches:
Dungeon (2/15)

Altars:

Annotations:
D:2 Natasha


Innate Abilities, Weirdness & Mutations

You are resistant to damage.
You can recharge devices by infusing magical energy.
You passively map a small area around you.
You do not regenerate naturally.


Message History

The white imp hits you but does no damage.
You hit Natasha.
Natasha is severely wounded.
You block Natasha's attack. The white imp gestures at you.
The puff of frost hits you! The shadow imp gestures at you.
Pain shoots through your body!
* * * LOW HITPOINT WARNING * * *
The white imp hits you but does no damage.
Your shield and plate armour prevent you from hitting Natasha.
Natasha is severely wounded.
Natasha claws you but does no damage. The white imp gestures at you.
The puff of frost hits you!
* * * LOW HITPOINT WARNING * * *
The shadow imp barely misses you. The white imp gestures at you.
The puff of frost hits you!
You die...

####'###.....#..
#.....##.....#..
#...†.+......#..
#.....#*#....#..
#######.....+,,,*#..##
####.....#.....#**,*##[##
#.........(....# *,* #..#
#..............# *,* ##.#
#......5@.###+## *,* #..
#......h55# *,* *,* ##.
#...%.....# *,* #.#####.
#.........#**,* #.......
#............,* #######.
####+########****########
*,,,,,,,,,,,,,........
************#########.
*,,,,,,..........


You could see Natasha, 2 white imps and a shadow imp.

Vanquished Creatures
  3 adders (D:2)
  2 giant geckos (D:2)
  8 bats
  3 giant cockroaches
  2 hobgoblins
  2 jackals (D:1)
  4 kobolds
  A giant newt (D:2)
  7 goblins
  A rat (D:2)
33 creatures vanquished.

Notes
Turn   | Place    | Note
--------------------------------------------------------------
     0 | D:1      | Fuzzybunny the Deep Dwarf Fighter began the quest for the Orb.
     0 | D:1      | Reached XP level 1. HP: 20/20 MP: 1/1
   173 | D:1      | Upgraded the game from 0.17.0-28-g6e173f8 to 0.17.0-57-g0e89251
   492 | D:1      | Reached XP level 2. HP: 27/27 MP: 2/2
  1093 | D:2      | Reached XP level 3. HP: 29/34 MP: 3/3
  1157 | D:2      | Reached skill level 4 in Armour
  1361 | D:2      | Found a faded altar to an unknown god.
  1400 | D:2      | Noticed Natasha
  1423 | D:2      | Killed from afar by a white imp

Action                   || total
-------------------------++-------
Melee: Long sword        ||   110
  Use: Scroll            ||     7
  Eat: Chunk             ||     2
